 Dungeon Crawl Stone Soup version 0.20.1-1-g8b1a95d (webtiles) character file.

17345 Peloso the Carver (level 12, 0/107 HPs)
             Began as a Minotaur Fighter on July 4, 2017.
             Was the Champion of Okawaru.
             Killed from afar by an electric eel (12 damage)
             ... with a bolt of electricity
             ... on level 1 of the Lair of Beasts.
             The game lasted 00:29:40 (10184 turns).

Peloso the Carver (Minotaur Fighter)               Turns: 10184, Time: 00:29:41

Health: 0/107      AC: 18    Str: 23    XL:     12   Next: 18%
Magic:  12/12      EV:  9    Int:  5    God:    Okawaru [******]
Gold:   726        SH: 13    Dex: 13    Spells: 11/11 levels left

rFire    . . .     SeeInvis .   e - +2 demon blade (drain)
rCold    . . .     Gourm    .   c - +0 shield
rNeg     . . .     Faith    +   F - +0 chain mail {rPois}
rPois    +         Spirit   .   (helmet restricted)
rElec    .         Reflect  .   y - +0 cloak
rCorr    +         Harm     .   k - +2 pair of gloves
MR       .....                  S - +0 pair of boots
Stlth    ..........             j - amulet of faith
Regen    0.3/turn               N - ring of resist corrosion
MPRegen  0.2/turn               (no ring)

@: no status effects
A: retaliatory headbutt, horns 2
a: Heroism, Finesse, Renounce Religion


You were on level 1 of the Lair of Beasts.
You worshipped Okawaru.
Okawaru was exalted by your worship.
You were not hungry.

You visited 3 branches of the dungeon, and saw 13 of its levels.

You collected 726 gold pieces.

Inventory:

Hand Weapons
 a - a +1 long sword of draining
 e - a +2 demon blade of draining (weapon)
 q - a +1 scimitar of flaming
 r - a +0 long sword of slicing
 s - the +7 dagger "Ivitepp" {pierce, +Rage}
   (You found it on level 11 of the Dungeon)

   It inflicts extra damage upon your enemies.
   It lets you go berserk.
 U - a +1 scimitar of protection
Armour
 c - a +0 shield (worn)
 k - a +2 pair of gloves (worn)
 y - a +0 cloak (worn)
 F - a +0 chain mail of poison resistance (worn)
 P - +0 steam dragon scales
 S - a +0 pair of boots (worn)
 X - a +1 plate armour
Jewellery
 j - an amulet of faith (around neck)
 u - a +2 amulet of reflection {unknown}
 N - a ring of resist corrosion (left hand)
 O - a +3 amulet of reflection {unknown}
 V - an uncursed amulet of the gourmand {unknown}
Wands
 w - a wand of disintegration (13/24)
 B - a wand of lightning (6/15)
 H - a wand of iceblast (13/15)
 I - a wand of iceblast (9/15)
 J - a wand of iceblast (11/15)
 Q - a wand of paralysis (16/24)
Scrolls
 g - 8 scrolls of remove curse
 l - 2 scrolls of blinking
 p - a scroll of identify
 z - 4 scrolls of teleportation
 A - a scroll of holy word {unknown}
 T - a scroll of enchant weapon
Potions
 d - 3 potions of might
 i - 5 potions of curing
 m - 2 potions of resistance
 n - 3 potions of brilliance
 v - a potion of magic
 x - 3 potions of flight
 E - 3 potions of haste
 G - a potion of cancellation {unknown}
 K - 2 potions of heal wounds {unknown}
 L - 2 potions of agility
 R - 4 potions of mutation {unknown}
Books
 b - a book of Burglary

   Spells                             Type                      Level
   a - Swiftness                      Charms/Air                   2
   b - Passwall                       Transmutation/Earth          2
   c - Passage of Golubria            Translocation                4
   d - Lee's Rapid Deconstruction     Earth                        5
   e - Darkness                       Hexes                        6
   f - Invisibility                   Hexes                        6
 C - a book of Changes

   Spells                             Type                      Level
   a - Beastly Appendage              Transmutation                1
   b - Sticks to Snakes               Transmutation                2
   c - Spider Form                    Transmutation/Poison         3
   d - Ice Form                       Ice/Transmutation            4
   e - Blade Hands                    Transmutation                5
Comestibles
 f - 13 bread rations
 h - 10 royal jellies
 o - 10 meat rations
 t - 7 chunks of flesh
 D - 10 fruits


   Skills:
 + Level 10.5 Fighting
 + Level 14.2 Long Blades
 + Level 11.4 Armour
 + Level 3.8 Dodging
 + Level 0.6 Stealth
 + Level 11.4 Shields
 + Level 1.9 Invocations


You had 11 spell levels left.
You didn't know any spells.

Dungeon Overview and Level Annotations

Branches:
Dungeon (11/15)            Temple (1/1) D:4            Lair (1/6) D:10
    Orc: D:9-12

Altars:
Ashenzari
Cheibriados
Dithmenos
Elyvilon
Fedhas
Gozag
Hepliaklqana
Kikubaaqudgha
Makhleb
Nemelex Xobeh
Okawaru
Qazlal
Ru
Sif Muna
Trog
Uskayaw
Vehumet
Xom
Yredelemnul
Zin
The Shining One
Beogh


Innate Abilities, Weirdness & Mutations

You reflexively headbutt those who attack you in melee.
You have a pair of horns on your head.


Message History

You see here a rime drake corpse.
The electric eel shoots out a bolt of lightning at you!
The bolt of electricity hits the plant.
The bolt of electricity hits you!
* * * LOW HITPOINT WARNING * * *
The electric eel shoots out a bolt of lightning at you!
The bolt of electricity misses you.
The bolt of electricity hits the fungus.
The electric eel shoots out a bolt of lightning at you!
The bolt of electricity hits you!
* * * LOW HITPOINT WARNING * * *
The bolt of electricity hits the fungus.
You feel better.
The electric eel shoots out a bolt of lightning at you!
The bolt of electricity hits the electric eel.
The electric eel completely resists.
The bolt of electricity hits you!
* * * LOW HITPOINT WARNING * * *
The bolt of electricity hits the fungus.
The electric eel shoots out a bolt of lightning at you!
The bolt of electricity hits you!
You die...

#. .. ..# ... #.. ..#..#
#.. ....... #..##.#..# #.#
.?..... ##........# ##.#
....... ..........# ..#
≈≈P.... ..........# #.#
≈≈≈≈P.P ##.##.#P..####.##
≈≈≈≈≈P≈
..........#.##.P####≈≈≈≈≈≈≈
.......+........@.†.≈≈≈;≈≈≈
####..#P............P≈≈≈≈≈≈
...................♣;≈≈≈≈≈≈
.###P###P##########♣≈≈;≈≈≈≈
## ### ### P≈≈≈≈≈≈ ♣≈≈≈≈≈≈
P≈≈≈≈≈ ♣♣≈≈≈≈


You could see 3 electric eels.

Vanquished Creatures
  Erica (D:11)
  5 two-headed ogres
  Nergalle (D:11)
  An ugly thing (D:11)
  A centaur zombie (D:11)
  A cyclops (D:11)
  2 spiny frogs
  A rime drake (Lair:1)
  2 komodo dragons (D:10)
  A troll (D:11)
  4 blink frogs
  4 hippogriffs
  2 wyverns (D:10)
  A wraith (D:10)
  A human (D:7)
  10 yaks
  4 hogs (D:7)
  A basilisk (Lair:1)
  A steam dragon (D:9)
  A hungry ghost (D:7)
  Edmund (D:5)
  An acid dragon (D:10)
  A soldier ant (D:10)
  A water moccasin (D:7)
  3 orc warriors
  2 sky beasts
  3 ice beasts
  A black bear (D:6)
  A phantom (D:4)
  An eye of draining (D:11)
  2 ogres
  7 centaurs
  2 crocodiles (Lair:1)
  A big kobold (D:11)
  10 bullfrogs
  A water moccasin zombie (D:11)
  4 scorpions
  6 killer bees (D:10)
  An electric eel (Lair:1)
  4 howler monkeys
  5 crimson imps
  A quasit (D:11)
  A bullfrog skeleton (D:4)
  2 hounds
  2 jellies
  7 orc priests
  3 centaur skeletons
  3 iguanas
  14 orc wizards
  8 worker ants
  A hound zombie (D:5)
  3 hound skeletons
  A worker ant zombie (D:5)
  2 gnolls (D:1)
  11 adders
  4 shadow imps
  3 oozes
  An adder zombie (D:6)
  A worm (D:2)
  4 dart slugs
  2 leopard geckos
  78 orcs
  A ball python (D:3)
  11 giant cockroaches
  10 goblins
  5 hobgoblins
  9 jackals
  6 quokkas
  7 bats
  2 frilled lizards
  18 kobolds
  A leopard gecko skeleton (D:5)
  A quokka skeleton (D:5)
  11 rats
337 creatures vanquished.

Notes
Turn   | Place    | Note
-------+----------+-------------------------------------------
     0 | D:1      | Peloso the Minotaur Fighter began the quest for the Orb.
     0 | D:1      | Reached XP level 1. HP: 19/19 MP: 0/0
    95 | D:1      | Reached XP level 2. HP: 14/27 MP: 1/1
   146 | D:1      | Reached XP level 3. HP: 21/33 MP: 2/2
   355 | D:1      | Reached skill level 3 in Long Blades
   813 | D:2      | Reached XP level 4. HP: 41/41 MP: 3/3
   903 | D:2      | Found a shadowy altar of Dithmenos.
  1526 | D:3      | Found a hide-covered altar of Uskayaw.
  1729 | D:3      | Reached XP level 5. HP: 47/47 MP: 4/4
  1735 | D:3      | Reached skill level 4 in Long Blades
  2280 | D:3      | Found a sacrificial altar of Ru.
  2281 | D:3      | Found a bloodstained altar of Trog.
  2282 | D:3      | Found a blossoming altar of Fedhas.
  2282 | D:3      | Found a sparkling altar of Nemelex Xobeh.
  2283 | D:3      | Found an ancient bone altar of Kikubaaqudgha.
  2284 | D:3      | Found a deep blue altar of Sif Muna.
  2285 | D:3      | Found a glowing golden altar of the Shining One.
  2287 | D:3      | Found a basalt altar of Yredelemnul.
  2425 | D:4      | Reached skill level 5 in Fighting
  3038 | D:4      | Reached skill level 5 in Armour
  3039 | D:4      | Found a staircase to the Ecumenical Temple.
  3050 | D:4      | Reached skill level 5 in Long Blades
  3050 | D:4      | Reached XP level 6. HP: 44/56 MP: 5/5
  3063 | Temple   | Entered the Ecumenical Temple
  3105 | Temple   | Became a worshipper of Warmaster Okawaru
  3187 | D:4      | Reached skill level 1 in Dodging
  3393 | D:4      | Found a sparkling altar of Nemelex Xobeh.
  3458 | D:4      | Reached * piety under Okawaru
  3507 | D:5      | Entered Level 5 of the Dungeon
  3507 | D:5      | Noticed an ice beast
  3517 | D:5      | Reached skill level 5 in Shields
  3517 | D:5      | Reached XP level 7. HP: 61/61 MP: 6/6
  3523 | D:5      | Reached skill level 6 in Long Blades
  3619 | D:5      | Noticed Edmund
  3638 | D:5      | Killed Edmund
  3743 | D:5      | Reached ** piety under Okawaru
  3836 | D:5      | Reached skill level 7 in Long Blades
  3866 | D:5      | Reached XP level 8. HP: 59/70 MP: 7/7
  4096 | D:6      | Reached *** piety under Okawaru
  4160 | D:6      | Reached skill level 8 in Long Blades
  4497 | D:6      | Found a burning altar of Makhleb.
  4804 | D:7      | Reached skill level 9 in Long Blades
  4807 | D:7      | Reached XP level 9. HP: 77/78 MP: 6/8
  5144 | D:7      | Reached **** piety under Okawaru
  5343 | D:7      | Reached skill level 10 in Long Blades
  5343 | D:7      | Reached skill level 1 in Invocations
  5400 | D:7      | Found a stormy altar of Qazlal.
  5402 | D:7      | Found an opulent altar of Gozag.
  5402 | D:7      | Found a shimmering altar of Xom.
  5404 | D:7      | Found a shattered altar of Ashenzari.
  5404 | D:7      | Found an iron altar of Okawaru.
  5404 | D:7      | Found a shattered altar of Ashenzari.
  5642 | D:8      | Noticed a two-headed ogre
  5653 | D:8      | Killed a two-headed ogre
  5653 | D:8      | Reached ***** piety under Okawaru
  5653 | D:8      | Reached XP level 10. HP: 54/86 MP: 6/9
  5962 | D:9      | Found a hazy altar of Hepliaklqana.
  6083 | D:9      | Reached skill level 11 in Long Blades
  6424 | D:9      | Found a deep blue altar of Sif Muna.
  6442 | D:9      | Noticed a two-headed ogre
  6448 | D:9      | Killed a two-headed ogre
  6448 | D:9      | Received a gift from Okawaru
  6701 | D:10     | Entered Level 10 of the Dungeon
  6878 | D:10     | Noticed a two-headed ogre
  6891 | D:10     | Killed a two-headed ogre
  6891 | D:10     | Reached skill level 10 in Armour
  6971 | D:10     | Found a staircase to the Lair.
  7015 | D:10     | Reached skill level 12 in Long Blades
  7479 | D:10     | Reached XP level 11. HP: 82/95 MP: 11/11
  7827 | D:10     | Reached skill level 10 in Shields
  7977 | D:10     | Found a roughly hewn altar of Beogh.
  8143 | D:10     | Identified a scroll of acquirement
  8193 | D:11     | Noticed Erica
  8208 | D:11     | Killed Erica
  8208 | D:11     | Received a gift from Okawaru
  8297 | D:11     | Got a polished dagger
  8298 | D:11     | Identified the +7 dagger "Ivitepp" {pierce, +Rage} (You found it on level 11 of the Dungeon)
  8363 | D:11     | Noticed a two-headed ogre
  8370 | D:11     | Killed a two-headed ogre
  8433 | D:11     | Noticed Nergalle
  8441 | D:11     | Killed Nergalle
  8441 | D:11     | Reached skill level 13 in Long Blades
  8447 | D:11     | Received a gift from Okawaru
  8626 | D:11     | Noticed a two-headed ogre
  8645 | D:11     | Killed a two-headed ogre
  8645 | D:11     | Reached ****** piety under Okawaru
  8690 | D:11     | Noticed a green ugly thing
  8700 | D:11     | Killed a green ugly thing
  8744 | D:11     | Found a white marble altar of Elyvilon.
  8785 | D:11     | Reached skill level 10 in Fighting
  9007 | D:11     | Received a gift from Okawaru
  9572 | Lair:1   | Entered Level 1 of the Lair of Beasts
  9601 | D:10     | Reached XP level 12. HP: 33/106 MP: 12/12
  9880 | D:10     | Reached skill level 14 in Long Blades
 10184 | Lair:1   | Killed from afar by an electric eel

Skill      XL: |  1  2  3  4  5  6  7  8  9 10 11 12 |
---------------+-------------------------------------+-----
Fighting       | 4 5 6 7 8 10 | 10.5
Armour         | 4 5 6 7 9 10 11 | 11.4
Shields        | 4 5 6 8 9 11 | 11.4
Long Blades    | 3 5 7 9 10 12 13 14 | 14.2
Dodging        | 1 2 3 |  3.8
Invocations    | 1 |  1.9
Stealth        | |  0.6

Action                   |  1- 3 |  4- 6 |  7- 9 | 10-12 || total
-------------------------+-------+-------+-------+-------++-------
Melee: Long sword        |    73 |   170 |   293 |    96 ||   632
       Headbutt          |    10 |    29 |    70 |   115 ||   224
       Scimitar          |       |       |       |   192 ||   192
       Demon blade       |       |       |       |   233 ||   233
Invok: Heroism           |       |       |     4 |     6 ||    10
  Use: Scroll            |       |     6 |     2 |    15 ||    23
       Potion            |       |       |       |     2 ||     2
  Eat: Chunk             |       |     9 |     8 |    15 ||    32
Armor: Scale mail        |    32 |    14 |       |       ||    46
       Chain mail        |       |    65 |   145 |    72 ||   282
       Plate armour      |       |       |       |   135 ||   135
Dodge: Dodged            |    23 |    48 |    78 |    98 ||   247
Block: Shield            |    29 |    84 |   156 |   251 ||   520
       Rpst.: Long sword |     9 |    10 |    21 |     6 ||    46
       Scimitar          |       |       |       |    10 ||    10
       Demon blade       |       |       |       |     9 ||     9
